 Dungeon Crawl Stone Soup version 0.26-b1-32-g5d43845318 (webtiles) character file.

Game seed: 245226018455201408

46 inmateoo the Insei (level 3, -7/20 HPs)
             Began as a Kobold Transmuter on Jan 13, 2021.
             Killed by divine providence
             ... invoked by an orc priest
              (12 damage)
             ... on level 2 of the Dungeon.
             The game lasted 00:01:44 (1369 turns).

inmateoo the Insei (Kobold Transmuter)              Turns: 1369, Time: 00:01:45

Health: -7/20      AC:  2    Str:  7    XL:     3   Next: 92%
Magic:  3/6        EV: 15    Int: 15    God:
Gold:   85         SH:  0    Dex: 15    Spells: 1/7 levels left

rFire    . . .     SeeInvis .     - Unarmed
rCold    . . .     Faith    .   (shield restricted)
rNeg     . . .     Spirit   .   a - +0 robe
rPois    .         Reflect  .   (helmet currently unavailable)
rElec    .         Harm     .   (no cloak)
rCorr    .         Rampage  .   (no gloves)
Will     .....                  (boots currently unavailable)
Stlth    +++.......             (no amulet)
HPRegen  0.06/turn              (no ring)
MPRegen  0.10/turn              (no ring)

@: appendages (expiring)
A: small, horns 2, talons 2, nightstalker 3
a: End Transformation


You were on level 2 of the Dungeon.
You had grown temporary horns.
You had grown temporary talons.
You visited 1 branch of the dungeon, and saw 2 of its levels.

You collected 85 gold pieces.

Inventory:

Hand Weapons
 d - a +0 dagger of venom
Armour
 a - a +0 robe (worn)
Scrolls
 b - 2 scrolls of teleportation {unknown}
 c - a scroll of enchant weapon {unknown}
 e - a scroll of fear {unknown}
 f - 2 scrolls of identify {unknown}
 h - a scroll of remove curse {unknown}


   Skills:
 + Level 1.6 Fighting
 + Level 2.7 Dodging
 - Level 2.0 Stealth
 + Level 3.1 Unarmed Combat
 * Level 2.5 Spellcasting
 * Level 2.3 Transmutations
 * Level 0.8 Poison Magic


You had one spell level left.
You knew the following spells:

 Your Spells              Type           Power        Failure   Level
a - Beastly Appendage     Tmut           16%          9%          1
b - Wereblood             Tmut           8%           12%         2
c - Spider Form           Tmut/Pois      3%           32%         3

Your spell library contained the following spells:

 Spells                   Type           Power        Failure   Level
 Ice Form                 Ice/Tmut       5%           78%         4
 Blade Hands              Tmut           4%           92%         5


Dungeon Overview and Level Annotations

Branches:
Dungeon (2/15)

Altars:


Innate Abilities, Weirdness & Mutations

You are small and have problems with some larger weapons.
You are completely attuned to the shadows.
You have a pair of horns on your head.
You have razor-sharp toenails.


Message History

The orc wizard barely misses you. The orc closely misses you.
A frilled lizard comes into view.
Unknown command.
You feel better.
Your transformation is almost over.
The orc wizard gestures at you while chanting.
The magic dart hits you.
* * * LOW HITPOINT WARNING * * *
The orc barely misses you. The bat hits you but does no damage.
The bat barely misses you.
Found 26 arrows.
The bat barely misses you.
Found a leather armour.
The bat barely misses you.
There is a stone staircase leading down here.
The bat closely misses you.
The orc priest calls down the wrath of Beogh upon you.
Beogh smites you!
Ouch! That really hurt!
You die...

....[. ..
#....#
..###....#.
#..........
..(.?.@..#
######.b...#
....oo.....#
....o##....##
..(.l........
#....##.....#
#....##.....#
.....#####...
#.......# .##


You could see an orc priest, an orc wizard, an orc and a bat.

Vanquished Creatures
  An adder (D:2)
  5 dart slugs
  An orc (D:2)
  A giant cockroach (D:2)
  4 goblins (D:1)
  3 hobgoblins
  6 bats
  A frilled lizard (D:1)
  A kobold (D:1)
  3 rats (D:1)
26 creatures vanquished.

Notes
Turn   | Place    | Note
-------+----------+-------------------------------------------
     0 | D:1      | inmateoo the Kobold Transmuter began the quest for the Orb.
     0 | D:1      | Reached XP level 1. HP: 12/12 MP: 3/3
   284 | D:1      | Reached skill level 1 in Stealth
   284 | D:1      | Reached XP level 2. HP: 16/16 MP: 3/5
   751 | D:1      | Reached XP level 3. HP: 19/20 MP: 6/6
   754 | D:1      | Learned a level 2 spell: Wereblood
   758 | D:1      | Learned a level 3 spell: Spider Form
  1364 | D:2      | HP: 1/20 [orc priest/divine providence (10)]
  1369 | D:2      | Killed from afar by an orc priest

Illustrated notes

Levels and vault maps discovered:
D:1:      dpeg_arrival_signposts, layout_basic
D:2:      layout_rooms, ashenzari_conservatory_becter, minmay_pentomino_x4

Skill      XL: |  1  2  3 |
---------------+----------+-----
Stealth        | 1 2 |  2.0
Fighting       | |  1.6
Dodging        | |  2.7
Unarmed Combat | |  3.1
Spellcasting   | |  2.5
Transmutations | |  2.3
Poison Magic   | |  0.8

Action                   || total
-------------------------++-------
Melee: Unarmed           ||    89
       Kick              ||    11
       Headbutt          ||    12
       Punch             ||     1
 Cast: Beastly Appendage ||    14
       Wereblood         ||     2
  Use: Potion            ||     2
 Stab: Sleeping          ||     6
Armor: Robe              ||    20
Dodge: Dodged            ||   118
